Map: Ancient Cistern LE

Players

TexasGuy - Winner!

  • Race: Protoss Protoss
  • League: Gold
  • Spawn Location: 7:00

Momello

  • Race: Terran Terran
  • Spawn Location: 1:00

VOD

Have the link to the VOD?

Description

Time

  • Played on: April 7, 2023, 2:32 a.m.
  • Length: 16:58
Show
View Real Time Build Order
Export as new Build Order

TexasGuy Protoss - Winner!

Build Orders: Carriers 

Get SALT Encoding   

  12  0:02  Probe  
  14  0:14  Probe  
  14  0:18  Pylon  
  14  0:26  Probe  
  15  0:38  Probe  
  15  0:39  Gateway  
  16  0:50  Probe  
  16  0:55  Forge  
  17  1:02  Probe  
  18  1:13  Assimilator  
  18  1:17  Pylon  
  18  1:23  Probe  
  19  1:28  Zealot  
  21  1:35  Probe  
  22  1:43  Photon Cannon  
  22  1:47  Probe  
  23  1:59  Probe  
  24  2:10  Cybernetics Core  
  24  2:15  Pylon  
  24  2:20  Photon Cannon  
  24  2:26  Photon Cannon  
  24  2:28  Zealot  
  26  2:31  Assimilator  
  26  2:39  Probe  
  27  3:01  Stargate  
  27  3:08  Probe  
  28  3:16  Zealot  
  30  3:20  Nexus  
  30  3:31  Pylon  
  30  3:36  Photon Cannon  
  30  3:57  Probe  
  31  4:09  Probe  
  36  4:11  Void Ray  
  36  4:21  Probe  
  36  4:23  Assimilator  
  37  4:26  Assimilator  
  37  4:29  Pylon  
  37  4:32  Pylon  
  37  4:33  Probe  
  37  4:34  Probe  
  39  4:44  Zealot  
  41  4:46  Probe  
  41  4:47  Probe  
  43  4:59  Probe  
  44  5:00  Robotics Facility  
  44  5:11  Probe  
  45  5:23  Probe  
  45  5:24  Stalker  
  48  5:31  Gateway  
  48  5:35  Probe  
  53  5:37  Void Ray  
  53  5:47  Probe  
  53  5:48  Observer (Chrono Boost)  
  55  5:54  Stalker  
  57  6:02  Observer (Chrono Boost)  
  58  6:20  Immortal  
  58  6:23  Stalker  
  58  6:24  Stalker  
  70  6:28  Void Ray  
  70  6:30  Robotics Bay  
  70  6:38  Twilight Council  
  70  6:53  Stalker x2  
  74  6:58  Probe  
  75  7:04  Photon Cannon  
  75  7:10  Probe  
  75  7:14  Protoss Shields Level 1  
  76  7:17  Extended Thermal Lance  
  76  7:22  Probe  
  77  7:29  Pylon  
  77  7:34  Probe  
  78  7:40  Pylon  
  78  7:42  Pylon  
  77  7:47  Probe  
  77  7:48  Pylon  
  77  7:50  Pylon  
  78  7:58  Zealot x2  
  82  8:02  Colossus  
  82  8:05  Nexus  
  88  8:12  Pylon  
  88  8:15  Pylon  
  88  8:19  Assimilator  
  88  8:24  Assimilator  
  88  8:46  Probe  
  89  8:56  Colossus  
  89  8:58  Probe  
  89  9:01  Photon Cannon  
  96  9:03  Photon Cannon  
  96  9:08  Photon Cannon  
  96  9:09  Zealot x2  
  100  9:10  Probe  
  101  9:21  Stargate  
  101  9:22  Probe  
  102  9:31  Robotics Facility  
  102  9:34  Probe  
  102  9:35  Gateway  
  102  9:36  Stalker x2  
  107  9:48  Fleet Beacon  
  107  9:50  Protoss Shields Level 2  
  107  10:06  Protoss Air Weapons Level 1  
  107  10:21  Charge  
  107  10:47  Carrier  
  113  10:53  Nexus  
  113  10:55  Assimilator  
  113  11:00  Assimilator  
  113  11:03  Pylon  
  113  11:06  Pylon  
  113  11:12  Photon Cannon  
  113  11:22  Pylon  
  113  11:24  Pylon  
  113  11:26  Carrier, Pylon  
  113  11:27  Pylon  
  113  11:29  Zealot x3  
  125  11:51  Carrier  
  131  11:56  Zealot x3, Photon Cannon  
  131  11:59  Photon Cannon  
  131  12:00  Photon Cannon  
  137  12:13  Colossus  
  137  12:14  Protoss Ground Weapons Level 1  
  143  12:30  Carrier  
  149  12:39  Observer  
  150  12:55  Gateway  
  150  12:56  Gateway  
  150  13:00  Observer  
  150  13:05  Stargate  
  151  13:07  Observer  
  151  13:11  Robotics Facility  
  152  13:22  Immortal  
  156  13:28  Immortal  
  156  13:31  Probe  
  161  13:39  Protoss Air Armor Level 1  
  161  13:43  Probe  
  161  13:45  Probe  
  163  13:56  Probe  
  163  13:57  Probe  
  165  14:08  Probe, Zealot  
  165  14:09  Probe, Zealot x3  
  175  14:10  Zealot  
  175  14:16  Protoss Ground Armor Level 1  
  177  14:20  Probe  
  177  14:21  Probe  
  179  14:32  Probe  
  179  14:33  Probe  
  181  14:44  Probe  
  182  14:46  Carrier  
  182  14:47  Carrier x2  
Show
View Real Time Build Order
Export as new Build Order

Momello Terran 

Build Orders:  

Get SALT Encoding   

  12  0:00  SCV  
  13  0:16  Supply Depot  
  13  0:18  SCV  
  14  0:30  SCV  
  15  0:43  Barracks  
  15  0:45  SCV  
  16  0:50  Refinery  
  16  1:13  SCV  
  17  1:25  SCV  
  18  1:32  Marine  
  19  1:37  Orbital Command  
  19  1:50  Marine  
  19  1:53  Command Center  
  20  2:01  Supply Depot  
  20  2:05  SCV  
  21  2:18  Barracks Reactor  
  20  2:43  Factory  
  20  2:56  Marine  
  20  2:57  Marine, Barracks  
  22  3:07  Bunker  
  22  3:14  Marine x2  
  24  3:27  SCV  
  25  3:38  Bunker  
  25  3:39  Factory Tech Lab, SCV  
  25  3:40  Marine x2  
  28  3:48  Barracks Tech Lab  
  28  3:57  Refinery  
  28  4:02  SCV  
  29  4:03  Marine x2  
  31  4:19  Command Center  
  31  4:23  Supply Depot  
  31  4:27  SCV, Siege Tank  
  31  4:30  Marine x2  
  37  4:36  Marine  
  38  4:44  Stimpack  
  38  4:48  Marine x2  
  40  4:56  SCV  
  40  4:59  Siege Tank  
  44  5:04  Supply Depot  
  44  5:08  SCV  
  45  5:27  Supply Depot  
  45  5:30  SCV  
  45  5:32  Marine x3  
  45  5:34  Siege Tank  
  52  5:42  SCV  
  53  5:49  Marine  
  53  5:50  Marine x2  
  53  5:54  SCV  
  56  6:06  SCV  
  56  6:07  Orbital Command  
  57  6:14  Supply Depot  
  57  6:31  Combat Shield  
  57  6:35  SCV  
  57  6:37  SCV  
  57  6:39  Marine x3  
  62  6:42  Siege Tank  
  65  6:47  SCV  
  65  6:50  SCV  
  67  6:56  Marine x2  
  68  7:16  SCV x2  
  68  7:19  Marine x2  
  68  7:20  Marine  
  68  7:21  Siege Tank  
  76  7:28  SCV x2  
  78  7:32  Orbital Command  
  78  7:37  Marine  
  79  7:50  SCV  
  80  7:53  Siege Tank  
  80  7:54  Marine x2  
  85  8:03  SCV  
  86  8:12  Supply Depot  
  86  8:14  Supply Depot  
  86  8:16  Supply Depot  
  86  8:17  Supply Depot  
  86  8:18  Supply Depot  
  86  8:20  Supply Depot  
  88  8:34  SCV, Hellion  
  89  8:46  SCV  
  90  8:52  SCV  
  90  8:54  Marine x2  
  90  8:55  Marine  
  96  8:56  Hellion  
  96  8:58  SCV  
  97  9:04  SCV  
  98  9:12  Marine x2  
  98  9:13  SCV  
  98  9:16  Marine  
  98  9:17  SCV  
  103  9:25  SCV  
  103  9:26  Starport  
  103  9:29  SCV  
  103  9:30  Marine x2, Refinery  
  107  9:33  Marine, Refinery  
  108  9:42  Engineering Bay  
  108  9:45  Engineering Bay  
  108  9:46  SCV  
  108  9:49  SCV  
  110  10:10  Command Center  
  110  10:21  Starport Reactor  
  110  10:40  Barracks  
  110  10:44  SCV x2  
  110  10:45  Marine x2  
  110  10:46  Marine, Barracks  
  110  10:49  Hellion  
  117  10:52  Barracks  
  117  10:55  Barracks  
  117  10:56  SCV x2  
  119  10:57  Concussive Shells  
  119  11:03  Marine x2  
  121  11:11  Terran Infantry Weapons Level 1  
  121  11:13  Terran Infantry Armor Level 1  
  121  12:00  Command Center  
  121  12:09  SCV x2  
  123  12:21  SCV x2, Barracks Reactor  
  123  12:22  Barracks Reactor x3  
  125  12:24  Marine x2  
  125  12:25  Marine  
  128  12:30  Medivac x2  
  132  12:42  Marine x2  
  134  12:56  SCV x2  
  136  13:08  SCV x2  
  138  13:19  Armory  
  138  13:38  SCV x2  
  141  13:42  Orbital Command  
  140  13:50  SCV  
  140  13:55  Marine  
  141  13:56  Marine x10  
  141  13:59  Hellion  
  141  14:00  Medivac x2  
  158  14:13  Marine x4  
  162  14:20  Hellion  
  164  14:37  Medivac x2  
  160  14:43  SCV x3  
  160  14:44  Marine  
  160  14:45  Marine x2  
  164  14:55  Marine x7, SCV  
  172  15:01  Marine  
  172  15:02  Marine, Supply Depot  
  172  15:03  Marine x2  
  172  15:04  Supply Depot  
  172  15:05  Supply Depot  
  172  15:06  Supply Depot x2  
  153  15:10  Supply Depot  
  59  15:38  Marine  
  59  15:39  Marine x10  
  40  15:56  Marine  
  40  15:57  Marine x4  
  32  15:58  Marine  
  32  16:00  Viking  
  32  16:01  Viking  
  24  16:24  Marine  
  24  16:25  Marine x7  
Tags
 
Composition
Carriers
League
Gold
Matchup
PvT
Spawn Locations
Cross Positions
Add a new tag
Caveats
  • Supply blocks, unpowered buildings, or Contaminate may cause inaccurate times.
  • Supply counts are checked every 10 seconds.